 Dungeon Crawl Stone Soup version 0.28.0 (webtiles) character file.

Game seed: 12165534849384777253

22 eskoe the Skirmisher (level 2, -6/24 HPs)
             Began as a Demonspawn Abyssal Knight on Feb 11, 2022.
             Was a Follower of Lugonu.
             Succumbed to a goblin's poison
             ... on level 1 of the Dungeon.
             The game lasted 00:02:58 (1005 turns).

eskoe the Skirmisher (Demonspawn Abyssal Knight)    Turns: 1005, Time: 00:02:58

Health: -6/24      AC: 12    Str: 13    XL:     2   Next: 68%
Magic:  3/3        EV:  3    Int: 11    God:    Lugonu [*.....]
Gold:   58         SH:  0    Dex: 13    Spells: 1/1 levels left

rFire   . . .      SeeInvis .   a - +1 hand axe
rCold   . . .      Faith    .   (no shield)
rNeg    . . .      Spirit   .   h - +0 plate armour
rPois   .          Reflect  .   c - +0 helmet
rElec   .          Harm     .   (no cloak)
rCorr   .          Rampage  .   (no gloves)
Will    .....                   (no boots)
Stlth   ..........              (no amulet)
HPRegen 0.08/turn               (no ring)
MPRegen 0.08/turn               (no ring)

@: lethally poisoned (-6 -> -39)
A: claws 1
a: Renounce Religion, Depart the Abyss


You were on level 1 of the Dungeon.
You worshipped Lugonu.
Lugonu was aware of your devotion.
You visited 1 branch of the dungeon, and saw 1 of its levels.
You visited the Abyss 1 time.

You collected 58 gold pieces.

Inventory:

Hand Weapons
 a - a +1 hand axe (weapon)
Armour
 b - a +0 leather armour
 c - a +0 helmet (worn)
 h - a +0 plate armour (worn)
Scrolls
 d - a scroll of fog {unknown}
 e - 2 scrolls of silence {unknown}
 f - 2 scrolls of identify {unknown}
 g - a scroll of holy word {unknown}
Potions
 i - a potion of cancellation {unknown}


   Skills:
 + Level 3.4 Fighting
 + Level 2.1 Axes
 + Level 2.1 Armour
 + Level 1.0 Dodging
 + Level 2.5 Invocations


You had one spell level left.
You didn't know any spells.
Your spell library was empty.

Dungeon Overview and Level Annotations

Branches:
Dungeon (1/15)

Altars:


Innate Abilities, Weirdness & Mutations

You have sharp fingernails.


Message History

The slug dart hits you but does no damage.
You slash the dart slug!
You kill the dart slug!
Lugonu accepts your kill.
A goblin comes into view. It is wielding a +0 dagger.
The goblin shouts!
You hear a shout!
A goblin is nearby!
The goblin hits you but does no damage.
You barely miss the goblin. The goblin hits you but does no damage.
The goblin barely misses you.
You hit the goblin.
You kill the goblin!
Lugonu accepts your kill.
A goblin comes into view. It is wielding a +1 dagger of venom.
The goblin hits you with a +1 dagger of venom.
You are poisoned.
You see here a +0 dagger.
You feel sick. The goblin hits you but does no damage.
You miss the goblin.
You feel sick. The goblin hits you but does no damage.
You are lethally poisoned!
You hit the goblin.
The goblin is severely wounded.
You feel very sick. The goblin hits you but does no damage.
You are more poisoned.
You barely miss the goblin.
The goblin is severely wounded.
* * * LOW HITPOINT WARNING * * *
You feel very sick. The goblin hits you but does no damage.
You are more poisoned.
You barely miss the goblin.
The goblin is severely wounded.
* * * LOW HITPOINT WARNING * * *
You feel very sick. The goblin hits you but does no damage.
You are more poisoned.
You closely miss the goblin.
The goblin is severely wounded.
You die...

#.##.# ###.##.#
#.....######
##...(..##..###
#......#.##....
#..............
#..............
###########......#..#...
#.....g@# #......#..##.#
#.#####)# #.############
####.###.###
#........... #
#.##.####### #.##.##.#
#.......# ####.#### #.#


You could see a goblin.

Vanquished Creatures
  2 dart slugs (D:1)
  2 endoplasms (D:1)
  A giant cockroach (D:1)
  2 hobgoblins (D:1)
  2 kobolds (D:1)
  3 ball pythons (D:1)
  2 bats (D:1)
  2 goblins (D:1)
  3 rats (D:1)
19 creatures vanquished.

Notes
Turn   | Place    | Note
-------+----------+-------------------------------------------
     0 | Abyss:1  | eskoe the Demonspawn Abyssal Knight began the quest for the
                  | Orb.
     0 | Abyss:1  | Reached XP level 1. HP: 18/18 MP: 2/2
    38 | D:1      | Escaped the Abyss
   390 | D:1      | Discovered your monstrous ancestry.
   390 | D:1      | Gained mutation: You have sharp fingernails. [demonic
                  | ancestry]
   390 | D:1      | Reached XP level 2. HP: 18/24 MP: 3/3
   979 | D:1      | Reached skill level 1 in Dodging
  1004 | D:1      | HP: 1/24 [poisoned by a goblin]
  1005 | D:1      | Succumbed to a goblin's poison

Illustrated notes

Levels and vault maps discovered:
D:1:      minmay_arrival_jagged, layout_loops_ring, kennysheep_another_room

Skill      XL: |  1  2 |
---------------+-------+-----
Armour         | 2 |  2.1
Axes           | 2 |  2.1
Dodging        | 1 |  1.0
Fighting       | |  3.4
Invocations    | |  2.5

Action                   || total
-------------------------++-------
Melee: Hand axe          ||    56
Armor: Leather armour    ||    14
       Plate armour      ||    17
Dodge: Dodged            ||    41
